 Dungeon Crawl Stone Soup version 0.30.1 (webtiles) character file.

Game seed: 17455325672426671067

42 LynnLen the Sneak (level 3, 0/16 HPs)
             Began as a Spriggan Enchanter on July 11, 2023.
             Slain by an orc
             ... wielding a +0 club
              (5 damage)
             ... on level 2 of the Dungeon.
             The game lasted 00:03:23 (1061 turns).

LynnLen the Sneak (Spriggan Enchanter)              Turns: 1061, Time: 00:03:24

Health: 0/16       AC:  2    Str:  4    XL:     3   Next: 35%
Magic:  4/8        EV: 17    Int: 18    God:
Gold:   118        SH:  0    Dex: 15    Spells: 5/7 levels left

rFire   . . .        e - +3 dagger
rCold   . . .        (no shield)
rNeg    . . .        b - +0 robe
rPois   .            (helmet restricted)
rElec   .            (no cloak)
rCorr   .            (gloves unavailable)
SInv    +            (boots unavailable)
Will    .....        (no amulet)
Stlth   +++          (no ring)
HPRegen 0.22/turn    (no ring)
MPRegen 0.11/turn

%: no passive effects
@: very quick
A: very small, no large weapons, unfitting armour, see invisible, speed 3
a: no special abilities


You were on level 2 of the Dungeon.
You visited 1 branch of the dungeon, and saw 2 of its levels.

You collected 118 gold pieces.

Inventory:

Hand Weapons
 e - a +3 dagger (weapon)
Missiles
 k - 6 curare-tipped darts (quivered)
Armour
 b - a +0 robe (worn)
Jewellery
 f - a ring of protection from cold
Scrolls
 h - a scroll of fog
 l - a scroll of enchant weapon {unknown}
Potions
 a - a potion of attraction
 c - 3 potions of invisibility
 d - a potion of magic
 g - a potion of berserk rage
 i - a potion of cancellation {unknown}
 j - a potion of resistance {unknown}


   Skills:
 + Level 2.0 Short Blades
 - Level 2.6 Dodging
 * Level 5.8 Stealth
 - Level 2.6 Spellcasting
 + Level 4.1 Hexes


You had 5 spell levels left.
You knew the following spells:

 Your Spells              Type           Power      Damage    Failure   Level
a - Ensorcelled Hibernat  Hex/Ice        18%        N/A       11%         2

Your spell library contained the following spells:

 Spells                   Type           Power      Damage    Failure   Level
 Confusing Touch          Hex            17%        N/A       10%         3
 Tukima's Dance           Hex            17%        N/A       10%         3
 Apportation              Tloc           4%         N/A       17%         1
 Summon Small Mammal      Summ           8%         N/A       17%         1
 Dazzling Flash           Conj/Hex       18%        N/A       22%         3
 Summon Guardian Golem    Hex/Summ       9%         N/A       22%         3
 Sublimation of Blood     Necr           2%         N/A       26%         2
 Wereblood                Tmut           2%         N/A       26%         2
 Call Canine Familiar     Summ           2%         N/A       45%         3
 Alistair's Intoxication  Tmut/Pois      1%         N/A       99%         5
 Summon Hydra             Summ           1%         N/A       100%        7


Dungeon Overview and Level Annotations

Branches:
Dungeon (2/15)

Altars:


Innate Abilities, Weirdness & Mutations

You are very small and have problems with some larger weapons.
You are too small for most types of armour.
You have supernaturally acute eyesight. (SInv)
You cover ground extremely quickly. (Speed+++)


Message History

You kill the orc!
Your Short Blades skill increases to level 2!
The orc hits you with a +0 war axe!
Things that are here:
a +0 short sword; a +0 leather armour Unknown command.
The orc closely misses you.
You don't know any spells.
Sorry, you're not good enough to have a special ability.
This spell is extremely dangerous to cast!
Memorise Confusing Touch, consuming 3 spell levels and leaving 4?
Okay, then.
Memorise Ensorcelled Hibernation, consuming 2 spell levels and leaving 5?
You start memorising the spell.
You continue memorising. x2
You finish memorising.
Spell assigned to 'a'.
Casting: Ensorcelled Hibernation (safe; 11% risk of failure)
Confirm with . or Enter, or press ? or * to list all spells.
Aiming: Ensorcelled Hibernation (safe; 11% risk of failure)
Press: ? - help, Shift-Dir - straight line, f - orc
Aim: an orc, wielding a +0 war axe (chance to affect: 61%)
The orc resists with significant effort.
The orc barely misses you.
Casting: Ensorcelled Hibernation (safe; 11% risk of failure)
Confirm with . or Enter, or press ? or * to list all spells.
Aiming: Ensorcelled Hibernation (safe; 11% risk of failure)
Press: ? - help, Shift-Dir - straight line, f/p - orc
Aim: an orc, wielding a +0 war axe (chance to affect: 61%)
The orc looks drowsy...
The orc shouts!
You hear a shout!
The orc closely misses you.
You barely miss the orc. The orc closely misses you.
You hit the orc but do no damage. The orc barely misses you.
You hit the orc but do no damage. The orc hits you with a +0 war axe!
Ouch! That really hurt!
You hit the orc.
The orc is almost dead.
You hit the orc.
You kill the orc!
The orc hits you with a +0 club.
You die...

..# #.######..# #.# ######.. ..#
#.....##..# #.# .......† ..#
#.....##..# #.#### #######.. ..#
#.........# #....# #........
..####.###.##..###....###.#####..
............................###..
...........#..####.######.#......
..o....o.......###...............
+##########....)@...#####.#.##...
...... #....o###.# #........
...... #.....# #.# ###.##...
...... #.....# #.# #.##.(. ......
#.....# #)#######.##... ......
##.....# #.............# .#####
#......# #.#.#####.##..# .#
###...(.####.........##..# ..
...............#####.##..#


You could see an orc.

Vanquished Creatures
  A worm (D:2)
  2 dart slugs (D:1)
  2 orcs (D:2)
  3 endoplasms (D:1)
  A giant cockroach (D:1)
  2 goblins
  4 hobgoblins
  A quokka (D:1)
  3 ball pythons (D:1)
  2 bats (D:1)
  A frilled lizard (D:1)
  5 kobolds
  7 rats
34 creatures vanquished.

Notes
Turn   | Place    | Note
-------+----------+-------------------------------------------
     0 | D:1      | LynnLen the Spriggan Enchanter began the quest for the Orb.
     0 | D:1      | Reached XP level 1. HP: 9/9 MP: 5/5
   185 | D:2      | Reached skill level 5 in Stealth
   185 | D:2      | Reached XP level 2. HP: 10/13 MP: 6/6
   498 | D:1      | Reached XP level 3. HP: 16/16 MP: 8/8
  1049 | D:2      | Learned a level 2 spell: Ensorcelled Hibernation
  1061 | D:2      | Slain by an orc

Illustrated notes

Levels and vault maps discovered:
D:1:      ebering_trefoil_3fold, layout_basic
D:2:      layout_basic

Skill      XL: |  1  2  3 |
---------------+----------+-----
Stealth        | 5 |  5.8
Hexes          | 4 |  4.1
Short Blades   | 2 |  2.0
Dodging        | |  2.6
Spellcasting   | |  2.6

Action                     || total
---------------------------++-------
  Melee: Dagger            ||    95
   Cast: Ensorcelled Hiber ||     2
    Use: Scroll            ||     4
   Stab: Sleeping          ||    13
 Armour: Robe              ||     7
  Dodge: Dodged            ||    51
